AoeStats
← MatzeAoE

MegaRandom

505758929Analyzed
2v2 RM · 21d ago on Sep 10, 2026· 16m 7s· 4 players
Game mode
Random Map
Map size
Medium (4 player)
Population
200
Speed
Normal
Resources
Standard
Victory
Conquest
Starting age
Dark Age
Ending age
Imperial Age
RankedLock teamsTeams togetherTeam positionsShared explorationLock speedFull tech treeHidden civsTurbo modeCheats
Victory
Defeat
🇨🇴 Turks · Colombia
1566
+12
🇦🇷 Gurjaras · Argentina
1433
+17
🇩🇪 Mongols · Germany
1519
-17
🇩🇪 Vietnamese · Germany
1410
-12
Red_Iffun
8:54 Loom
12:10 Feudal Age
12:32 Fishing Lines
12:39 Double-Bit Axe
14:31 Horse Collar
MatzeAoE
9:37 Loom
12:12 Feudal Age
13:05 Double-Bit Axe
[GDL] turbojj
6:19 Loom
9:08 Feudal Age
10:12 Double-Bit Axe
EMALI
4:41 Loom
7:58 Loom
10:10 Feudal Age
11:02 Double-Bit Axe
11:06 Town Watch
Connection lost

Rejoining the realm…

Still unreachable

The connection could not be restored.

Session expired

The server has moved on; the page needs a fresh start.